 Dungeon Crawl Stone Soup version 0.28.0-53-g5a82cb258f (webtiles) character file.

Game seed: 10066517915976953713

467 enile the Ogre Mage (level 7, -1/72 HPs)
             Began as an Ogre Wanderer on May 29, 2022.
             Was a Believer of Fedhas.
             Slain by a gnoll sergeant
             ... wielding a +1 trident of freezing
              (6 damage)
             ... on level 5 of the Dungeon.
             The game lasted 00:08:40 (4612 turns).

enile the Ogre Mage (Ogre Wanderer)                 Turns: 4612, Time: 00:08:40

Health: -1/72      AC:  3    Str: 17    XL:     7   Next: 8%
Magic:  15/15      EV: 10    Int: 13    God:    Fedhas [**....]
Gold:   145        SH:  0    Dex: 10    Spells: 13/17 levels left

rFire   . . .      SeeInvis .   a - +3 trident
rCold   . . .      Faith    .   (no shield)
rNeg    . . .      Spirit   .   b - +0 robe
rPois   .          Reflect  .   (helmet restricted)
rElec   .          Harm     .   (no cloak)
rCorr   .          Rampage  .   (gloves unavailable)
Will    .....                   (boots unavailable)
Stlth   +.........              i - amulet of magic regeneration
HPRegen 0.22/turn               (no ring)
MPRegen 0.54/turn               (no ring)

@: no status effects
A: large, unfitting armour, tough skin 1
a: Renounce Religion, Wall of Briars


You were on level 5 of the Dungeon.
You worshipped Fedhas.
Fedhas was pleased with you.
You visited 1 branch of the dungeon, and saw 5 of its levels.
You also visited: Ossuary.

You collected 145 gold pieces.

Inventory:

Hand Weapons
 a - a +3 trident (weapon)
 j - a +4 dagger of speed
Missiles
 c - 10 stones
Armour
 b - a +0 robe (worn)
Jewellery
 i - an amulet of magic regeneration (around neck)
Wands
 f - a wand of iceblast (2)
 p - a wand of flame (14)
Scrolls
 d - a scroll of immolation
 h - a scroll of vulnerability
 m - 2 scrolls of teleportation
Potions
 e - 2 potions of attraction {unknown}
 g - a potion of curing
 k - 2 potions of heal wounds {unknown}
 l - a potion of degeneration {unknown}
 n - 2 potions of resistance
 q - a potion of lignification {unknown}
 r - a potion of haste {unknown}
 t - a potion of might {unknown}
 u - a potion of ambrosia {unknown}
 v - 2 potions of flight {unknown}


   Skills:
 - Level 5.0 Fighting
 - Level 4.0 Polearms
 - Level 3.0 Dodging
 + Level 5.8 Spellcasting
 - Level 2.0 Earth Magic
 - Level 1.2 Invocations


You had 13 spell levels left.
You knew the following spells:

 Your Spells              Type           Power      Damage    Failure   Level
a - Sandblast             Erth           18%        2d7       8%          1
b - Stone Arrow           Conj/Erth      12%        3d7       34%         3

Your spell library contained the following spells:

 Spells                   Type           Power      Damage    Failure   Level
 Airstrike                Air            1%         N/A       86%         4
 Summon Lightning Spire   Summ/Air       3%         N/A       86%         4
 Lightning Bolt           Conj/Air       1%         1d12      99%         5
 Summon Forest            Summ/Tloc      1%         N/A       99%         5
 Eringya's Noxious Bog    Tmut/Pois      1%         N/A       100%        6
 Summon Hydra             Summ           1%         N/A       100%        7


Dungeon Overview and Level Annotations

Branches:
Dungeon (5/15)            Ossuary (visited)
 Temple: D:4-7

Altars:
Dithmenos
Fedhas
Trog

Shops:
D:3 [

Annotations:
D:4 Sigmund


Innate Abilities, Weirdness & Mutations

You are too large for most types of armour.
You have tough skin. (AC +1)


Message History

The gnoll sergeant freezes you.
The gnoll hits you from afar with a +0 spear.
You puncture the gnoll sergeant!
The gnoll sergeant is moderately wounded.
The gnoll sergeant closely misses you.
The gnoll hits you from afar with a +0 spear.
You are too injured to fight recklessly!
The gnoll sergeant hits you from afar with a +1 trident of freezing!
The gnoll sergeant freezes you.
Okay, then.
Okay, then.
Items here: )) ? ††.
The gnoll sergeant hits you from afar with a +1 trident of freezing!
The gnoll sergeant freezes you.
* * * LOW HITPOINT WARNING * * *
A briar patch grows up from the ground. x8
The gnoll sergeant closely misses you.
You walk carefully through the plants.
Found a scroll of vulnerability.
The gnoll sergeant hits your briar patch with a +1 trident of freezing.
The gnoll sergeant freezes your briar patch.
The gnoll is struck by your briar patch's thorns.
The gnoll hits your briar patch but does no damage.
You walk carefully through the plants.
Reach: a) +3 trident
Press: ? - help, Dir - move target, f - gnoll
Aim: a gnoll, wielding a +0 spear (severely wounded, about 34% to evade your +3 trident)
You could not reach far enough!
The gnoll hits you from afar with a +0 spear.
* * * LOW HITPOINT WARNING * * *
The gnoll sergeant hits you from afar with a +1 trident of freezing.
* * * LOW HITPOINT WARNING * * *
The gnoll sergeant freezes you.
* * * LOW HITPOINT WARNING * * *
Okay, then.
You feel better. The gnoll barely misses you.
The gnoll sergeant hits you from afar with a +1 trident of freezing!
* * * LOW HITPOINT WARNING * * *
The gnoll sergeant freezes you.
You die...
Fedhas appreciates your contribution to the ecosystem.

#.#####.######.^.#
......)........<.#
..############...#
#..# #...### .#..#
###...## ......
#####.....##
###.#..
.....gPPP..# ...>.
.###..P.P..# #....
#..##..@PP..#
#.......g.##
#####.....#
#.......#
#.......#
#.......#
##.....## ##?..##
#####


You could see a gnoll sergeant (ally target) and a gnoll.

Vanquished Creatures
  A black bear (D:4)
  A water moccasin zombie (Ossuary)
  A jelly (D:3)
  Ijyb (D:4)
  Natasha (thrice) (D:3)
  3 mummies
  2 gnolls (D:5)
  6 adders
  3 adder zombies (Ossuary)
  A worm (D:2)
  4 dart slugs
  2 orcs (D:3)
  3 ball pythons
  2 endoplasms
  A giant cockroach (D:2)
  5 goblins
  4 hobgoblins
  2 quokkas (D:2)
  7 bats
  2 frilled lizards (D:3)
  A gnoll zombie (Ossuary)
  6 hobgoblin zombies (Ossuary)
  5 kobolds
  4 kobold zombies (Ossuary)
  10 orc zombies (Ossuary)
  5 rats
85 creatures vanquished.

Vanquished Creatures (others)
  3 fungi (D:3)
  9 plants (D:3)
12 creatures vanquished.

Grand Total: 97 creatures vanquished

Notes
Turn   | Place    | Note
-------+----------+-------------------------------------------
     0 | D:1      | enile the Ogre Wanderer began the quest for the Orb.
     0 | D:1      | enile set off with the following items: a +0 trident, a +0
                  | robe, 30 stones; and the following spell memorised:
                  | Sandblast; and the following spells available to memorise:
                  | Stone Arrow
     0 | D:1      | Reached XP level 1. HP: 16/16 MP: 2/2
   861 | D:2      | Reached XP level 2. HP: 18/26 MP: 0/4
  1004 | D:2      | Reached skill level 1 in Fighting
  1222 | D:2      | Reached XP level 3. HP: 36/36 MP: 5/5
  1459 | D:2      | Reached XP level 4. HP: 42/45 MP: 5/8
  2164 | D:3      | Found a shadowy altar of Dithmenos.
  2211 | D:3      | Noticed Natasha
  2218 | D:3      | Killed Natasha
  2219 | D:3      | Reached XP level 5. HP: 30/53 MP: 5/11
  2524 | D:3      | Found a faded altar of an unknown god.
  2540 | D:3      | Prayed at the altar of an unknown god.
  2540 | D:3      | Became a worshipper of Fedhas Madash
  2540 | D:3      | Reached * piety under Fedhas
  2681 | D:3      | Found Ifulin's Antique Armour Emporium.
  2745 | D:3      | Found a bloodstained altar of Trog.
  2766 | D:3      | Noticed Natasha
  2778 | D:3      | Killed Natasha
  3103 | D:3      | Noticed Natasha
  3112 | D:3      | Killed Natasha
  3346 | D:4      | Learned a level 3 spell: Stone Arrow
  3449 | D:4      | Noticed Ijyb
  3463 | D:4      | Killed Ijyb
  3464 | D:4      | Reached skill level 5 in Fighting
  3464 | D:4      | Reached XP level 6. HP: 28/66 MP: 12/12
  3475 | D:4      | Found a sand-covered staircase.
  3537 | Ossuary  | Entered an ossuary
  3711 | Ossuary  | Reached ** piety under Fedhas
  4307 | D:4      | Noticed a black bear
  4316 | D:4      | Killed a black bear
  4317 | D:4      | Reached skill level 5 in Spellcasting
  4317 | D:4      | Reached XP level 7. HP: 72/72 MP: 13/15
  4325 | D:4      | Noticed Sigmund
  4376 | D:5      | Entered Level 5 of the Dungeon
  4612 | D:5      | Slain by a gnoll sergeant

Illustrated notes

Levels and vault maps discovered:
D:1:      lightli_molten_gateway, layout_loops_ring, fountainhead
D:2:      minmay_chambers_of_ones, layout_basic, kennysheep_flooded_box,
          minivault_25
D:3:      minmay_diamond_boxcup, layout_loops_corners,
          mainiacjoe_overflow_catch_the_wave,
          shapermc_ecumenical_altar_mp_ritualfount, serial_shops,
          nicolae_shop_statue_plus, uniq_natasha
D:4:      layout_cave_pods, fedhas_altar_3, gup_ossuary_entry_pyramid,
          uniq_sigmund, uniq_ijyb
D:5:      due_chaos_kobolds, layout_rooms, nicolae_vehumet_altar_sigil,
          minmay_increasing_density

Skill      XL: |  1  2  3  4  5  6 |
---------------+-------------------+-----
Fighting       | 2 3 5 |  5.0
Spellcasting   | 2 4 5 |  5.8
Earth Magic    | 2 |  2.0
Dodging        | 3 |  3.0
Polearms       | |  4.0
Invocations    | |  1.2

Action                   |  1- 3 |  4- 6 |  7- 9 || total
-------------------------+-------+-------+-------++-------
Melee: Trident           |    48 |   138 |    14 ||   200
       Punch             |     1 |     2 |       ||     3
 Cast: Sandblast         |     4 |    40 |     5 ||    49
Invok: Wall of Briars    |       |       |     1 ||     1
Evoke: Wand              |       |     6 |       ||     6
  Use: Scroll            |     3 |     7 |       ||    10
       Potion            |       |       |     2 ||     2
 Stab: Sleeping          |     3 |     4 |       ||     7
Armor: Robe              |    11 |    24 |     2 ||    37
Dodge: Dodged            |    12 |    48 |     7 ||    67
